AoeStats
← Axolot

African Clearing

506272128Analyzed
4v4 RM · 19d ago on Sep 13, 2026· 29m 19s· 8 players
Game mode
Random Map
Map size
Large (8 player)
Population
200
Speed
Normal
Resources
Standard
Victory
Conquest
Starting age
Dark Age
Ending age
Imperial Age
RankedLock teamsTeams togetherTeam positionsShared explorationLock speedFull tech treeHidden civsTurbo modeCheats
Victory
Defeat
🇩🇿 Japanese · Algeria
1666
+10
🇨🇳 Mapuche · China
1621
+12
🇦🇷 Vietnamese · Argentina
1553
+15
🇺🇸 Magyars · United States
1509
+16
🇦🇷 Italians · Argentina
1554
-14
🇦🇷 Mongols · Argentina
1534
-14
🇦🇷 Aztecs · Argentina
1528
-13
🇦🇷 Gurjaras · Argentina
1488
-12
骑猪射箭
13:59 Feudal Age
14:47 Double-Bit Axe
17:59 Loom
21:22 Castle Age
20:25 Scale Barding Armor
20:41 Bloodlines
21:11 Fishing Lines
22:06 Husbandry
22:23 Gillnets
24:19 Horse Collar
25:01 Bow Saw
26:49 Wheelbarrow
28:17 Chain Barding Armor
29:10 Heavy Plow
EagleWarrior420
10:41 Feudal Age
10:45 Loom
13:04 Fletching
19:44 Castle Age
19:02 Double-Bit Axe
19:48 Crossbowman
20:27 Bodkin Arrow
22:05 Horse Collar
28:12 Ballistics
28:00 Husbandry
爱种田的太奶
4:34 Loom
11:39 Feudal Age
12:58 Double-Bit Axe
19:51 Town Watch
25:13 Castle Age
23:17 Horse Collar
23:35 Fletching
25:23 Elite Skirmisher
26:16 Bodkin Arrow
27:20 Bow Saw
INDIO
4:44 Loom
14:00 Feudal Age
17:32 Castle Age
15:47 Double-Bit Axe
18:49 Wheelbarrow
18:43 Town Watch
19:28 Bow Saw
22:56 Hand Cart
26:00 Gold Mining
27:15 Horse Collar
28:50 Stone Mining
32:07 Imperial Age
Dino_Mate
11:43 Loom
14:13 Feudal Age
14:42 Double-Bit Axe
14:41 Fishing Lines
19:53 Castle Age
21:31 Fletching
25:48 Ballistics
25:26 Bodkin Arrow
26:21 Padded Archer Armor
26:06 Horse Collar
Axolot
8:29 Loom
12:19 Feudal Age
16:49 Castle Age
15:09 Double-Bit Axe
17:14 Fishing Lines
18:23 Bow Saw
21:44 Fletching
27:11 Gillnets
27:28 Horse Collar
28:18 Heavy Plow
[VA] Tano_Pacman
5:02 Loom
12:39 Feudal Age
12:40 Man-at-Arms
14:50 Town Watch
20:47 Double-Bit Axe
22:11 Fletching
24:21 Padded Archer Armor
28:11 Castle Age
J.AVI
10:24 Loom
12:21 Feudal Age
16:47 Castle Age
16:47 Double-Bit Axe
19:51 Wheelbarrow
19:30 Bow Saw
20:10 Horse Collar
25:26 Bloodlines
25:30 Town Watch
26:39 Husbandry
26:48 Scale Barding Armor
Connection lost

Rejoining the realm…

Still unreachable

The connection could not be restored.

Session expired

The server has moved on; the page needs a fresh start.